 Dungeon Crawl Stone Soup version 0.22.0-75-g3901e79 (webtiles) character file.

8754 Loudmushroom the Cleaver (level 11, -1/69 HPs)
             Began as a Gargoyle Fighter on Sept 8, 2018.
             Was a High Priest of Okawaru.
             Slain by an eight-headed hydra (4 damage)
             ... on level 11 of the Dungeon on Sept 12, 2018.
             The game lasted 01:26:07 (12577 turns).

Loudmushroom the Cleaver (Gargoyle Fighter)        Turns: 12577, Time: 01:26:07

Health: -1/69      AC: 25    Str: 23    XL:     11   Next: 35%
Magic:  14/15      EV:  9    Int:  9    God:    Okawaru [*****.]
Gold:   509        SH: 13    Dex: 13    Spells: 10/10 levels left

rFire    + + .     SeeInvis .   A - +0 morningstar
rCold    + + .     Gourm    .   S - +0 shield {rF+}
rNeg     + + .     Faith    .   k - +0 plate armour
rPois    ∞         Spirit   .   D - +0 helmet of Woomioll {rC+} (curse)
rElec    +         Reflect  .   B - scarf {rC+ rF+}
rCorr    .         Harm     .   (no gloves)
MR       .....                  (no boots)
Stlth    ..........             (no amulet)
HPRegen  0.21/turn              t - +4 ring of dexterity
MPRegen  0.14/turn              P - ring of positive energy

@: heroism
A: negative energy resistance 1, electricity resistance, unbreathing,
petrification resistance, rot immunity, AC +8
a: Heroism, Finesse, Renounce Religion


You were on level 11 of the Dungeon.
You worshipped Okawaru.
Okawaru was extremely pleased with you.
You were not hungry.

You visited 2 branches of the dungeon, and saw 12 of its levels.

You collected 509 gold pieces.

Inventory:

Hand Weapons
 a - a +6 war axe
 b - a +0 hunting sling
 A - a +0 morningstar (weapon)
 H - a +0 blowgun
Missiles
 c - 3 tomahawks of dispersal
 e - 92 sling bullets
 i - 241 stones
 q - 57 poisoned needles
 w - 75 bolts
 N - 12 tomahawks (quivered)
Armour
 k - a +0 plate armour (worn)
 m - a +1 cloak
 y - a +2 helmet
 B - a scarf of resistance (worn)
 D - the cursed +0 helmet of Woomioll (worn) {rC+}
   (You found it on level 9 of the Dungeon)

   It protects you from cold.
   It has a curse placed upon it.
 S - a +0 shield of fire resistance (worn)
Jewellery
 t - a +4 ring of dexterity (left hand)
 x - a +2 ring of strength
 G - an uncursed ring of ice
 P - a ring of positive energy (right hand)
 R - a +3 ring of strength
Wands
 J - a wand of iceblast (16)
 K - a wand of polymorph (2)
 O - a wand of acid (4)
Scrolls
 n - 2 scrolls of identify
 o - 10 scrolls of remove curse
 p - 2 scrolls of teleportation
 r - a scroll of magic mapping
Potions
 d - 4 potions of might
 g - a potion of flight
 j - 2 potions of curing
 l - 4 potions of cancellation
 s - 2 potions of haste
 z - 2 potions of mutation
 E - 3 potions of agility
 F - a potion of lignification
 L - a potion of berserk rage
 M - a potion of heal wounds
Miscellaneous
 h - a lamp of fire
Comestibles
 f - 22 rations
 u - 10 chunks of flesh


   Skills:
 + Level 8.4(13.4) Fighting
 * Level 9.4(14.4) Axes
 + Level 8.4(13.4) Armour
 + Level 8.4(13.4) Shields
 + Level 3.9 Invocations
 + Level 5.6 Evocations


You had 10 spell levels left.
You didn't know any spells.
Your spell library contained the following spells:

 Spells                   Type           Power        Failure   Level  Hunger
 Animate Skeleton         Necr           N/A          99%         1    ##.....
 Beastly Appendage        Tmut           #.....       99%         1    ##.....
 Corona                   Hex            #......      99%         1    ##.....
 Magic Dart               Conj           #...         99%         1    ##.....
 Pain                     Necr           #...         99%         1    ##.....
 Blink                    Tloc           N/A          100%        2    ###....
 Call Imp                 Summ           #.......     100%        2    ###....
 Ensorcelled Hibernation  Hex/Ice        #.....       100%        2    ###....
 Slow                     Hex            #.......     100%        2    ###....
 Sticks to Snakes         Tmut           #.......     100%        2    ###....
 Confuse                  Hex            #.......     100%        3    ####...
 Conjure Flame            Conj/Fire      #.......     100%        3    ####...
 Dazzling Spray           Conj/Hex       #.....       100%        3    ####...
 Mephitic Cloud           Conj/Pois/Air  #.......     100%        3    ####...
 Regeneration             Chrm/Necr      #.........   100%        3    ####...
 Spider Form              Tmut/Pois      #.........   100%        3    ####...
 Tukima's Dance           Hex            #.......     100%        3    ####...
 Vampiric Draining        Necr           #.........   100%        3    ####...
 Animate Dead             Necr           N/A          100%        4    #####..
 Ice Form                 Ice/Tmut       #.......     100%        4    #####..
 Blade Hands              Tmut           #.........   100%        5    ######.


Dungeon Overview and Level Annotations

Branches:
Dungeon (11/15)            Temple (1/1) D:4            Lair (0/6) D:11
    Orc: D:9-12

Altars:
Dithmenos
Elyvilon
Fedhas
Gozag
Kikubaaqudgha
Makhleb
Nemelex Xobeh
Okawaru
Qazlal
Ru
Sif Muna
Uskayaw
Vehumet
Xom
Yredelemnul
The Shining One

Shops:
D:6 [   D:7 =   D:9 [=!   D:10 !*:?(


Innate Abilities, Weirdness & Mutations

You are resistant to torment.
Your stone body is resilient. (AC +8)
You are immune to poison.
You resist negative energy. (rN+)
You are resistant to electric shocks. (rElec)
You can survive without breathing.
You are immune to petrification.
You are immune to rotting.


Message History

The eight-headed hydra closely misses you.
The eight-headed hydra barely misses you.
You hit the eight-headed hydra.
The eight-headed hydra is heavily wounded.
The eight-headed hydra barely misses you.
The eight-headed hydra bites you but does no damage.
You block the eight-headed hydra's attack.
The eight-headed hydra bites you but does no damage. x2
You block the eight-headed hydra's attack.
The eight-headed hydra bites you! The eight-headed hydra bites you.
* * * LOW HITPOINT WARNING * * *
You hit the eight-headed hydra.
The eight-headed hydra is heavily wounded.
The eight-headed hydra bites you.
* * * LOW HITPOINT WARNING * * *
The eight-headed hydra bites you!
* * * LOW HITPOINT WARNING * * *
The eight-headed hydra bites you but does no damage.
The eight-headed hydra bites you.
You die...

#.#.# # #.#.. . #
..##.#.## .
#.###.##.#.#. .
#.#.#.##.#.#.## .
#.D.#.##.#.#..# .
#@#.##'#.##.#####.
#.#.....>.........
#.#.....#######...
#.......# #...
###.#..## #...
#.#..########...
#.#.)...........
#.#.#######.....
#.#.#...).#.....


You could see an eight-headed hydra.

Vanquished Creatures
  A two-headed ogre (D:11)
  Joseph (D:7)
  A troll (D:9)
  A hippogriff (D:8)
  Sigmund (D:3)
  8 yaks
  A wyvern (D:10)
  Eustachio (D:6)
  A human (D:8)
  4 hogs (D:8)
  A hungry ghost (D:8)
  Menkaure (D:5)
  A water moccasin (D:11)
  6 orc warriors
  4 ice beasts
  A sky beast (D:7)
  A black bear (D:10)
  2 phantoms
  5 ogres
  An eye of draining (D:10)
  2 centaurs
  Blork the orc (D:9)
  2 big kobolds
  2 bullfrogs
  2 gnoll sergeants (D:9)
  A wyvern skeleton (D:8)
  A scorpion (D:7)
  16 killer bees
  A wight (D:9)
  A howler monkey (D:9)
  4 crimson imps
  2 jellies
  3 centaur skeletons
  4 hounds
  4 orc priests
  3 centaur zombies
  3 iguanas
  Jessica (D:3)
  Ijyb (D:4)
  Natasha (thrice) (D:3)
  7 orc wizards
  9 worker ants
  A hound zombie (D:6)
  2 hound skeletons
  A worker ant zombie (D:6)
  Robin (D:2)
  3 gnolls (D:8)
  8 adders
  3 shadow imps
  An ooze (D:6)
  An adder skeleton (D:9)
  2 worms
  4 dart slugs
  3 leopard geckos
  30 orcs
  A ball python (D:6)
  5 bats
  2 giant cockroaches
  18 goblins
  7 hobgoblins
  18 jackals
  19 kobolds
  7 frilled lizards
  2 jackal skeletons
  A jackal zombie (D:7)
  A leopard gecko skeleton (D:5)
  A leopard gecko zombie (D:4)
  A quokka skeleton (D:9)
  6 rats
265 creatures vanquished.

Notes
Turn   | Place    | Note
-------+----------+-------------------------------------------
     0 | D:1      | Loudmushroom the Gargoyle Fighter began the quest for the
                  | Orb.
     0 | D:1      | Reached XP level 1. HP: 14/14 MP: 1/1
    41 | D:1      | Reached skill level 2 in Axes
   115 | D:1      | Reached XP level 2. HP: 19/19 MP: 2/2
   834 | D:1      | Reached XP level 3. HP: 23/23 MP: 3/3
  1003 | D:2      | Found a glowing golden altar of the Shining One.
  1023 | D:2      | Found a hide-covered altar of Uskayaw.
  1057 | D:2      | Noticed Robin
  1074 | D:2      | Killed Robin
  1354 | D:2      | Reached XP level 4. HP: 29/29 MP: 4/4
  1528 | D:2      | Found a burning altar of Makhleb.
  1535 | D:2      | Found a blossoming altar of Fedhas.
  1799 | D:2      | Found an opulent altar of Gozag.
  1839 | D:2      | Found an ancient bone altar of Kikubaaqudgha.
  1940 | D:3      | Noticed Jessica
  1958 | D:3      | Killed Jessica
  1958 | D:3      | Reached skill level 3 in Axes
  1999 | D:3      | Noticed Sigmund
  2010 | D:3      | Reached XP level 5. HP: 22/33 MP: 5/5
  2051 | D:3      | Killed Sigmund
  2051 | D:3      | Reached XP level 6. HP: 17/39 MP: 6/6
  2280 | D:3      | Noticed Natasha
  2287 | D:3      | Killed Natasha
  2287 | D:3      | Reached skill level 4 in Axes
  2489 | D:3      | Noticed Natasha
  2506 | D:3      | Killed Natasha
  2575 | D:3      | Noticed Natasha
  2585 | D:3      | Killed Natasha
  2695 | D:3      | Found a burning altar of Makhleb.
  2891 | D:3      | Reached XP level 7. HP: 28/44 MP: 7/7
  3016 | D:4      | Noticed Ijyb
  3456 | D:4      | Found a staircase to the Ecumenical Temple.
  3601 | D:4      | Reached skill level 5 in Armour
  3601 | D:4      | Reached skill level 5 in Shields
  3800 | D:4      | Killed Ijyb
  3800 | D:4      | Reached skill level 5 in Fighting
  4135 | D:4      | Found a white marble altar of Elyvilon.
  4136 | D:4      | Found a shadowy altar of Dithmenos.
  4228 | Temple   | Entered the Ecumenical Temple
  4247 | Temple   | Became a worshipper of Warmaster Okawaru
  4248 | Temple   | Upgraded the game from 0.22.0-49-gab54619 to
                  | 0.22.0-75-g3901e79
  4268 | D:5      | Entered Level 5 of the Dungeon
  4707 | D:5      | Reached skill level 1 in Evocations
  4725 | D:5      | Noticed Menkaure
  4735 | D:5      | Killed Menkaure
  4735 | D:5      | Reached skill level 5 in Axes
  4735 | D:5      | Reached XP level 8. HP: 41/49 MP: 7/9
  5109 | D:6      | Noticed Eustachio
  5134 | D:6      | Killed Eustachio
  5420 | D:6      | Found a sacrificial altar of Ru.
  5505 | D:6      | Reached * piety under Okawaru
  5602 | D:6      | Reached skill level 6 in Axes
  5814 | D:6      | Found Lestro's Antique Armour Emporium.
  5942 | D:6      | Reached XP level 9. HP: 55/55 MP: 11/11
  6606 | D:7      | Found Lyaghoeffo's Jewellery Boutique.
  6719 | D:7      | Reached ** piety under Okawaru
  6943 | D:7      | Noticed Joseph
  6956 | D:7      | Killed Joseph
  6956 | D:7      | Reached skill level 7 in Axes
  7835 | D:8      | Reached *** piety under Okawaru
  7835 | D:8      | Reached XP level 10. HP: 48/63 MP: 13/13
  8198 | D:8      | Reached skill level 8 in Axes
  8533 | D:8      | Reached skill level 1 in Invocations
  8798 | D:8      | Reached **** piety under Okawaru
  9377 | D:9      | Got an ancient helmet
  9400 | D:8      | Identified the cursed +0 helmet of Woomioll {rC+} (You
                  | found it on level 9 of the Dungeon)
  9552 | D:9      | Found Lirew's Distillery.
  9641 | D:9      | Found Hopputum's Jewellery Emporium.
  9651 | D:9      | Noticed Blork the orc
  9664 | D:9      | Killed Blork the orc
  9690 | D:9      | Reached skill level 5 in Evocations
  9801 | D:9      | Found a radiant altar of Vehumet.
  9809 | D:9      | Found Zuataquh's Armour Shoppe.
  9986 | D:9      | Found Cufotten's Jewellery Shoppe.
 10531 | D:9      | Reached XP level 11. HP: 68/68 MP: 14/14
 10681 | D:10     | Entered Level 10 of the Dungeon
 10688 | D:10     | Found Melavit's Magic Scroll Shop.
 10783 | D:9      | Reached skill level 9 in Axes
 11437 | D:10     | Found Nymemn's General Store.
 11513 | D:10     | Found Zipuset's Distillery.
 11974 | D:10     | Found Susouros's Antique Weapon Shop.
 12031 | D:10     | Found Etiliw's Book Boutique.
 12401 | D:11     | Found a staircase to the Lair.
 12409 | D:11     | Noticed a two-headed ogre
 12415 | D:11     | Killed a two-headed ogre
 12415 | D:11     | Reached ***** piety under Okawaru
 12568 | D:11     | Noticed an eight-headed hydra
 12577 | D:11     | HP: 3/69 [eight-headed hydra (7)]
 12577 | D:11     | Slain by an eight-headed hydra

Skill      XL: |  1  2  3  4  5  6  7  8  9 10 11 |
---------------+----------------------------------+-----
Axes           | 2 3 4 5 6 7 8 9 |  9.4
Shields        | 4 5 6 7 8 |  8.4
Armour         | 4 5 6 7 8 |  8.4
Fighting       | 4 5 6 7 8 |  8.4
Evocations     | 1 2 4 5 |  5.6
Invocations    | 3 |  3.9

Action                   |  1- 3 |  4- 6 |  7- 9 | 10-12 || total
-------------------------+-------+-------+-------+-------++-------
Melee: War axe           |   129 |   205 |   414 |   319 ||  1067
       Morningstar       |       |       |       |     7 ||     7
 Fire: Hunting sling     |       |       |     4 |     3 ||     7
Invok: Heroism           |       |       |     1 |     1 ||     2
  Use: Scroll            |       |       |    25 |     7 ||    32
  Eat: Chunk             |     2 |     5 |     5 |    12 ||    24
       Ration            |       |       |     4 |     1 ||     5
Armor: Scale mail        |    39 |       |       |       ||    39
       Plate armour      |    74 |   162 |   309 |   246 ||   791
       Skin              |       |     5 |       |       ||     5
Dodge: Dodged            |    36 |    40 |    97 |    86 ||   259
Block: Shield            |    91 |   120 |   259 |   231 ||   701
